AoeStats
← 从不压堡之人

Black Forest

508893450Analyzed
4v4 RM · 8d ago on Sep 24, 2026· 25m 15s· 8 players
Game mode
Random Map
Map size
Large (8 player)
Population
200
Speed
Normal
Resources
Standard
Victory
Conquest
Starting age
Dark Age
Ending age
Imperial Age
RankedLock teamsTeams togetherTeam positionsShared explorationLock speedFull tech treeHidden civsTurbo modeCheats
Victory
Defeat
🇹🇼 Mongols · Taiwan
1137
+13
🇻🇳 Britons · Vietnam
1117
+14
🇹🇼 Persians · Taiwan
1113
+14
🇮🇳 Teutons · India
1066
+17
🇨🇳 Bohemians · China
1141
-16
🇨🇳 Spanish · China
1110
-16
1032
-13
1029
-13
divyam_10
10:40 Feudal Age
8:56 Loom
16:35 Castle Age
14:28 Double-Bit Axe
14:25 Horse Collar
20:17 Wheelbarrow
19:27 Town Watch
25:12 Forging
25:03 Scale Mail Armor
satc1014
11:09 Feudal Age
15:02 Castle Age
14:56 Double-Bit Axe
14:54 Horse Collar
18:13 Bow Saw
18:44 Loom
19:13 Heavy Plow
kenghsien77
10:18 Feudal Age
16:14 Castle Age
Wade Wang
1:56 Loom
11:44 Feudal Age
15:41 Castle Age
15:32 Double-Bit Axe
15:40 Stone Mining
从不压堡之人
11:22 Feudal Age
12:34 Double-Bit Axe
14:56 Castle Age
13:10 Loom
14:43 Wheelbarrow
16:53 Bow Saw
18:41 Town Watch
25:48 Imperial Age
洗心革面重新做人TownYan
11:25 Feudal Age
12:20 Double-Bit Axe
15:03 Castle Age
14:22 Horse Collar
17:13 Gold Mining
18:06 Loom
20:27 Scale Barding Armor
我怕你审判长?
10:22 Feudal Age
11:03 Double-Bit Axe
11:26 Loom
13:28 Horse Collar
19:25 Castle Age
17:24 Gold Mining
18:12 Bloodlines
18:08 Scale Barding Armor
18:14 Forging
20:31 Bow Saw
21:18 Iron Casting
23:13 Chain Barding Armor
22:37 Light Cavalry
23:18 Husbandry
LLK是给
8:58 Feudal Age
9:17 Man-at-Arms
9:52 Loom
13:59 Double-Bit Axe
14:21 Town Watch
14:46 Arson
15:00 Horse Collar
15:33 Fletching
22:07 Castle Age
23:44 Wheelbarrow
23:13 Fishing Lines
25:32 Heavy Plow
Connection lost

Rejoining the realm…

Still unreachable

The connection could not be restored.

Session expired

The server has moved on; the page needs a fresh start.